 Dungeon Crawl Stone Soup version 0.30-a0-953-g5f1da4a474 (webtiles) character file.

Game seed: 8296519832317121331

376 bobo the Ruffian (level 6, -1/51 HPs)
             Began as a Draconian Transmuter on Mar 28, 2023.
             Was a Follower of the Shining One.
             Slain by a gnoll bouda
             ... wielding a +0 whip
              (6 damage)
             ... on level 3 of the Dungeon.
             The game lasted 00:10:14 (3765 turns).

bobo the Ruffian (Draconian Transmuter)             Turns: 3765, Time: 00:10:15

Health: -1/51      AC:  7    Str: 12    XL:     6   Next: 44%
Magic:  9/10       EV: 12    Int: 22    God:    the Shining One [*.....]
Gold:   189        SH:  0    Dex: 17    Spells: 1/11 levels left

rFire   . . .      SeeInvis .      - Unarmed
rCold   . . .      Faith    .    (no shield)
rNeg    . . .      Spirit   .    (body armour unavailable)
rPois   .          Reflect  .    (helmet restricted)
rElec   .          Rampage  .    m - +0 cloak {Will+}
rCorr   .                        (no gloves)
Will    +....                    (no boots)
Stlth   +                        o - amulet of the acrobat
HPRegen 0.28/turn                f - +6 ring of dexterity
MPRegen 0.12/turn                l - +6 ring of intelligence

@: weakened, glowing
A: AC +6, unfitting armour, cold-blooded
a: Renounce Religion, Divine Shield


You were on level 3 of the Dungeon.
You worshipped the Shining One.
The Shining One was aware of your devotion.
You visited 1 branch of the dungeon, and saw 4 of its levels.

You collected 350 gold pieces.
You spent 161 gold pieces at shops.

Inventory:

Missiles
 d - a throwing net
Armour
 m - a +0 cloak of willpower (worn)
Jewellery
 f - a +6 ring of dexterity (left hand)
 l - a +6 ring of intelligence (right hand)
 o - an amulet of the acrobat (around neck)
 s - a ring of fire
Scrolls
 c - 6 scrolls of identify {unknown}
 h - a scroll of enchant armour {unknown}
 n - 2 scrolls of teleportation {unknown}
 q - 2 scrolls of blinking {unknown}
 r - a scroll of torment {unknown}
 t - a scroll of poison {unknown}
Potions
 a - 3 potions of lignification
 b - a potion of might {unknown}
 e - 2 potions of degeneration {unknown}
 g - 2 potions of mutation {unknown}
 i - a potion of cancellation {unknown}
 j - a potion of curing {unknown}
 k - 2 potions of heal wounds {unknown}
 p - a potion of resistance {unknown}
 u - a potion of invisibility {unknown}


   Skills:
 + Level 3.6 Fighting
 - Level 2.2 Dodging
 + Level 4.3 Unarmed Combat
 + Level 3.0 Spellcasting
 + Level 3.2 Transmutations
 + Level 2.2 Poison Magic


You had one spell level left.
You knew the following spells:

 Your Spells              Type           Power      Damage    Failure   Level
a - Beastly Appendage     Tmut           34%        N/A       3%          1
z - Wereblood             Tmut           17%        N/A       4%          2
A - Ice Form              Ice/Tmut       10%        N/A       54%         4
S - Spider Form           Tmut/Pois      15%        N/A       12%         3

Your spell library contained the following spells:

 Spells                   Type           Power      Damage    Failure   Level
 Ignite Poison            Fire/Tmut/Pois 11%        N/A       17%         3
 Inner Flame              Hex/Fire       3%         N/A       36%         3
 Cause Fear               Hex            1%         N/A       77%         4
 Sticky Flame             Conj/Fire      3%         2d3       77%         4
 Discord                  Hex            1%         N/A       100%        8
 Ignition                 Fire           1%         3d3       100%        8


Dungeon Overview and Level Annotations

Branches:
Dungeon (4/15)
 Temple: D:4-7

Altars:
Hepliaklqana
Nemelex Xobeh
Trog
Xom
The Shining One

Shops:
D:1 [


Innate Abilities, Weirdness & Mutations

Your plain brown scales are hard. (AC +6)
You cannot fit into any form of body armour.
You are cold-blooded and may be slowed by cold attacks.


Message History

There is a stone staircase leading up here.
The gnoll bouda completely misses you. The gnoll completely misses you.
You hit the gnoll bouda but do no damage.
The gnoll bouda is poisoned.
The gnoll bouda hits you with a +0 whip!
The gnoll completely misses you.
You hit the gnoll bouda but do no damage.
The gnoll bouda looks even sicker.
The gnoll bouda is lightly wounded.
The gnoll bouda hits you with a +0 whip!
The gnoll hits you from afar with a +0 halberd!
There is a stone staircase leading up here.
The gnoll completely misses you.
The gnoll bouda hits you with a +0 whip!
* * * LOW HITPOINT WARNING * * *
You climb upwards.
There is a stone staircase leading down here.
You hit the gnoll bouda.
The gnoll bouda looks as sick as possible!
The gnoll bouda is moderately wounded.
The gnoll bouda closely misses you.
You hit the gnoll bouda but do no damage.
The gnoll bouda is moderately wounded.
The gnoll bouda gazes fiercely through you!
You feel your attacks grow feeble. The gnoll bouda misses you.
You hit the gnoll bouda.
The gnoll bouda looks as sick as possible!
The gnoll bouda is heavily wounded.
Your transformation is almost over.
The gnoll bouda barely misses you.
Your transformation has ended.
Your +0 cloak of willpower unmelds from your body.
You feel strong-willed.
The gnoll bouda hits you with a +0 whip!
* * * LOW HITPOINT WARNING * * *
You hit the gnoll bouda.
The gnoll bouda is severely wounded.
The gnoll bouda hits you with a +0 whip.
You die... #.PPPPP.#

#....# #.....(.. #.P...P)#
##.#..###.###.###
#.P._.P.###.........# #.###
#.......#......##.### #.(..
#########......##.# #....
#.# #.# ##.###.##.#####....
#.# #.# #.##............#.
#.# #.# #g##...##########.
### #.# #.# #@##...## #.
≈≈## #.# #.# #.##....# ##
≈≈≈####.# #.# #.##.#..# #
≈≈≈#.##.# #.####.##....###
# ≈≈≈#....#
#†...#####.########## #
≈≈##.####
####.#####.####.....#
###.###.##
###.#####.########.#
###......# #....####.######
#.#
.#####...###..............#
#.#


You could see a gnoll bouda (extremely poisoned).

Vanquished Creatures
  Edmund (D:4)
  A hound (D:4)
  An orc priest (D:3)
  A sleepcap (D:3)
  4 adders
  4 gnolls (D:4)
  2 worms
  A dart slug (D:3)
  6 orcs
  9 ball pythons
  8 bats
  9 endoplasms
  3 giant cockroaches
  5 goblins
  8 hobgoblins
  4 jackals (D:3)
  7 kobolds
  6 quokkas
  2 frilled lizards (D:2)
  6 rats
88 creatures vanquished.

Vanquished Creatures (others)
  A fungus (D:1)
  3 plants
4 creatures vanquished.

Grand Total: 92 creatures vanquished

Notes
Turn   | Place    | Note
-------+----------+-------------------------------------------
     0 | D:1      | bobo the Draconian Transmuter began the quest for the Orb.
     0 | D:1      | Reached XP level 1. HP: 16/16 MP: 3/3
    37 | D:1      | Found Busig's Armour Boutique.
   121 | D:1      | Reached XP level 2. HP: 23/23 MP: 3/5
   125 | D:1      | Learned a level 2 spell: Wereblood
   310 | D:1      | Found a faded altar of an unknown god.
   317 | D:1      | Prayed at the altar of an unknown god.
   317 | D:1      | Became a worshipper of the Shining One
   317 | D:1      | Reached * piety under the Shining One
   533 | D:1      | Reached XP level 3. HP: 29/29 MP: 4/6
   537 | D:1      | Learned a level 3 spell: Spider Form
  1480 | D:3      | Reached XP level 4. HP: 13/37 MP: 7/7
  1675 | D:1      | Bought a +0 cloak of willpower for 161 gold pieces
  1838 | D:3      | Reached skill level 1 in Poison Magic
  1838 | D:3      | Found a bloodstained altar of Trog.
  1977 | D:3      | Reached XP level 5. HP: 44/44 MP: 6/8
  1996 | D:3      | Found a sparkling altar of Nemelex Xobeh.
  2175 | D:3      | Found a shimmering altar of Xom.
  2547 | D:3      | Found a hazy altar of Hepliaklqana.
  2799 | D:4      | Reached skill level 4 in Unarmed Combat
  2837 | D:4      | Noticed Edmund
  2857 | D:4      | Killed Edmund
  2858 | D:4      | Reached XP level 6. HP: 41/51 MP: 8/10
  3033 | D:4      | Identified the +6 quarterstaff of Qoafoj {freeze, rElec
                  | rPois}
  3612 | D:4      | Learned a level 4 spell: Ice Form
  3765 | D:3      | Slain by a gnoll bouda

Illustrated notes

Levels and vault maps discovered:
D:1:      lemuel_arrival_funnel, layout_rooms, serial_shops,
          nicolae_shop_statue_plus, shapermc_ecumenical_altar_hornbeckon
D:2:      layout_loops_cross, serial_bayou_ford_a
D:3:      layout_loops_ring, mainiacjoe_overflow_alcove_4,
          mainiacjoe_overflow_catwalk, nemelex_spade_bored_becter,
          worldfamousw_hep_ancestral_shrine, reono_crystal_passage,
          kennysheep_donut
D:4:      layout_basic, nicolae_ru_sacrificial_ziggurat, st_stairs_11,
          uniq_edmund

Skill      XL: |  1  2  3  4  5 |
---------------+----------------+-----
Dodging        | 2 |  2.2
Fighting       | 2 3 |  3.6
Poison Magic   | 1 2 |  2.2
Unarmed Combat | 4 |  4.3
Spellcasting   | 3 |  3.0
Transmutations | 3 |  3.2

Action                     |  1- 3 |  4- 6 || total
---------------------------+-------+-------++-------
  Melee: Unarmed           |    77 |   131 ||   208
         Kick              |    21 |    17 ||    38
         Headbutt          |     8 |    13 ||    21
         Tailslap          |     8 |    21 ||    29
         Punch             |     1 |     2 ||     3
   Cast: Beastly Appendage |    33 |    18 ||    51
         Wereblood         |       |     3 ||     3
         Spider Form       |       |     4 ||     4
Ability: End Transformatio |       |     2 ||     2
 Armour: Skin              |    17 |    22 ||    39
  Dodge: Dodged            |    27 |   102 ||   129

Table legend: (Time is in decaauts)
 A = Elapsed time spent in this place.
 B = Non-inter-level travel time spent in this place.
 C = Inter-level travel time spent in this place.
 D = Time resting spent in this place.
 E = Time spent auto-exploring this place.
 F = Levels seen in this place.
 G = Mean time per level.
                   A        B        C        D        E       F      G
               +--------+--------+--------+--------+--------+-----+--------+
         Total |   3766 |   3480 |    286 |    144 |   2671 |   4 |  941.5 |
       Dungeon |   3766 |   3480 |    286 |    144 |   2671 |   4 |  941.5 |
               +--------+--------+--------+--------+--------+-----+--------+

Top non-repeatable levels by time:
     D:3: 1368 daAuts
     D:4: 849 daAuts
     D:2: 821 daAuts
     D:1: 726 daAuts
